 Dungeon Crawl Stone Soup version 0.24.0-1-gfbc8707122 (webtiles) character file.

Game seed: 16028817545277938839, levelgen mode: deterministic

11112 kkkmkkk the Reanimator (level 11, -6/89 HPs)
             Began as a Demonspawn Necromancer on Oct 25, 2019.
             Was a Believer of Makhleb.
             Mangled by a neqoxec (10 damage)
             ... while paralysed by a chaos spawn
             ... in a Gauntlet.
             The game lasted 00:26:19 (12237 turns).

kkkmkkk the Reanimator (Demonspawn Necromancer)    Turns: 12237, Time: 00:26:20

Health: -6/89      AC:  7    Str: 14    XL:     11   Next: 45%
Magic:  18/23      EV:  2    Int: 25    God:    Makhleb [**....]
Gold:   440        SH:  0    Dex: 15    Spells: 13/27 levels left

rFire    x . .     SeeInvis .   N - +9 mace of Uncomfortable Rashes {flame, rElec rC- rN++}
rCold    . . .     Gourm    .   (no shield)
rNeg     + + .     Faith    .   C - +2 robe {MR+}
rPois    .         Spirit   .   v - +1 helmet
rElec    +         Reflect  .   P - +0 cloak
rCorr    .         Harm     .   (no gloves)
MR       ++...     NoTele   +   (no boots)
Stlth    ++........             w - amulet of magic regeneration
HPRegen  0.24/turn              A - +4 ring of evasion
MPRegen  0.43/turn              U - ring of Relativism {Ice MR+ Str+5}

@: paralysed, brilliant
A: hooves 1, thin skeletal structure 1, powered by death 3, spiny 2
a: Minor Destruction, Renounce Religion


You were in a Gauntlet.
You worshipped Makhleb.
Makhleb was pleased with you.
You were not hungry.

You visited 2 branches of the dungeon, and saw 12 of its levels.
You also visited: Sewer and Gauntlet.

You collected 440 gold pieces.

Inventory:

Hand Weapons
 e - a +2 dagger of flaming
 k - a +1 dagger of freezing
 F - a +0 falchion of protection
 I - a +0 shortbow of velocity
 J - a +1 war axe of venom
 N - the +9 mace of Uncomfortable Rashes (weapon) {flame, rElec rC- rN++}
   (You found it on level 11 of the Dungeon)

   It has been specially enchanted to burn those struck by it, causing extra
   injury to most foes and up to half again as much damage against particularly
   susceptible opponents.
   It makes you vulnerable to cold.
   It insulates you from electricity.
   It greatly protects you from negative energy.
Missiles
 x - 6 boomerangs (quivered)
 E - 13 poisoned darts
 O - a throwing net
Armour
 a - a +0 robe
 l - a +1 helmet
 v - a +1 helmet (worn)
 C - a +2 robe of magic resistance (worn)
 P - a +0 cloak (worn)
 W - a +1 pair of gloves of dexterity
Magical Staves
 u - an uncursed staff of summoning
Jewellery
 w - an amulet of magic regeneration (around neck)
 A - a +4 ring of evasion (left hand)
 D - an uncursed ring of ice
 R - an uncursed ring of positive energy
 U - the ring of Relativism (right hand) {Ice MR+ Str+5}
   (You found it in a Gauntlet)

   [ring of ice]

   It enhances your ice magic.
   It affects your strength (+5).
   It makes you vulnerable to fire.
   It protects you from cold.
   It affects your resistance to hostile enchantments.
 V - an uncursed ring of stealth {unknown}
Wands
 B - a wand of flame (13)
 G - a wand of polymorph (5)
 H - a wand of enslavement (7)
 K - a wand of paralysis (9)
 M - a wand of disintegration (8)
 Q - a wand of iceblast (1)
 S - a wand of random effects (3)
Scrolls
 b - 4 scrolls of remove curse
 g - 3 scrolls of enchant weapon
 i - 2 scrolls of fog
 n - 4 scrolls of teleportation
 r - 2 scrolls of fear
 t - 2 scrolls of blinking
 y - a scroll of immolation {unknown}
 T - a scroll of brand weapon {unknown}
Potions
 d - a potion of berserk rage {unknown}
 f - 3 potions of brilliance
 h - a potion of degeneration {unknown}
 j - 3 potions of flight
 m - 3 potions of curing
 o - a potion of magic {unknown}
 p - a potion of invisibility {unknown}
 q - 2 potions of cancellation {unknown}
 s - a potion of might {unknown}
 z - 2 potions of lignification
 L - 2 potions of heal wounds {unknown}
Comestibles
 c - 22 rations


   Skills:
 + Level 9.0 Fighting
 + Level 8.5 Dodging
 - Level 2.0 Stealth
 + Level 8.7 Spellcasting
 + Level 11.1 Necromancy


You had 13 spell levels left.
You knew the following spells:

 Your Spells              Type           Power        Failure   Level  Hunger
a - Pain                  Necr           ####         1%          1    None
b - Vampiric Draining     Necr           ######....   1%          3    None
c - Regeneration          Chrm/Necr      ######....   1%          3    None
d - Animate Dead          Necr           N/A          1%          4    ##.....
e - Conjure Flame         Conj/Fire      ####....     2%          3    None

Your spell library contained the following spells:

 Spells                   Type           Power        Failure   Level  Hunger
 Animate Skeleton         Necr           N/A          1%          1    None
 Flame Tongue             Conj/Fire      ####.        1%          1    None
 Throw Flame              Conj/Fire      ####..       1%          2    None
 Inner Flame              Hex/Fire       ####....     2%          3    None
 Sticky Flame             Conj/Fire      ####....     7%          4    ##.....
 Fireball                 Conj/Fire      ####......   16%         5    ####...


Dungeon Overview and Level Annotations

Branches:
Dungeon (11/15)            Temple (1/1) D:5            Lair (0/6) D:10
    Orc (0/2) D:10          Sewer (visited)         Gauntlet (1/1)

Altars:
Ashenzari
Cheibriados
Dithmenos
Elyvilon
Fedhas
Gozag
Hepliaklqana
Kikubaaqudgha
Makhleb
Nemelex Xobeh
Okawaru
Qazlal
Ru
Sif Muna
Trog
Uskayaw
Vehumet
Wu Jian
Xom
Yredelemnul
Zin
The Shining One

Shops:
D:8 %

Annotations:
D:4 Grinder Gauntlet 6 transporters


Innate Abilities, Weirdness & Mutations

You have large cloven feet.
You have a somewhat thin skeletal structure. (Dex +2, Stealth)
You regenerate a lot of health from kills.
You are mostly covered in sharp spines.


Message History

The fire burns you terribly!
There is a transporter here.
You enter the transporter and appear at another place.
The chaos spawn is struck by your spines.
The chaos spawn hits you.
You suddenly lose the ability to move!
The neqoxec is struck by your spines. The neqoxec hits you.
The chaos spawn is struck by your spines.
The chaos spawn gores you!
You feel your power leaking away. The chaos spawn hits you!
The chaos spawn shocks you. You resist. The neqoxec is struck by your spines.
The neqoxec hits you!
* * * LOW HITPOINT WARNING * * *
The chaos spawn gores you!
* * * LOW HITPOINT WARNING * * *
The chaos spawn freezes you!
* * * LOW HITPOINT WARNING * * *
The chaos spawn gores you.
* * * LOW HITPOINT WARNING * * *
The neqoxec is struck by your spines. The neqoxec hits you!
You die...

©#..#.©#...#x.#.©.#.©#..#...#
..#..#.#...#g.##.##.[#..#≈8≈#
#..#..##...#.#.#.#.#.#..#####
.#..#..#...#.##...##.#..###
..#..#.#...#.........#..#8#
########...###########..###
#.©.#....≈....#.©.#.....#
#...#.8.≈8≈.8.#3..#.8...###
#.©.#....≈....#4@4#.....#8#
########...###########..###
.......#...##.......##..#
.###...#...#.#.....#.#..###
..#.)..#####..#...#..#..#8#
..#©.#.#...#...#.#...#..###
######Q#©.§#...©#...©#..#
..#..#*#...#...#.#5..#..###
..#....#####..#.5.#..#..#8#


You could see a neqoxec, 2 chaos spawn and a white imp.

Vanquished Creatures
  Snorg (D:10)
  Erolcha (D:9)
  Harold (D:8)
  Erica (D:8)
  A two-headed ogre (D:10)
  A tengu warrior (Gauntlet)
  Maurice (D:9)
  2 gargoyles
  2 hornets (D:10)
  2 hippogriffs
  2 wyverns
  A hungry ghost (D:10)
  Grum (D:8)
  2 porcupines (D:10)
  2 orc warriors
  3 sky beasts
  A phantom (D:8)
  5 ogres
  A black bear (D:11)
  An ice beast (D:9)
  5 centaurs
  3 wolves (D:8)
  A crocodile (D:9)
  4 bullfrogs
  A wyvern zombie (D:9)
  3 scorpions
  3 killer bees (Gauntlet)
  5 howler monkeys
  2 crimson imps
  A bullfrog zombie (D:9)
  A jelly (D:9)
  2 bullfrog skeletons
  6 hounds
  4 iguanas
  5 orc wizards
  4 worker ants
  2 hound skeletons
  15 gnolls
  A howler monkey skeleton (D:4)
  A river rat (D:4)
  11 adders
  3 shadow imps
  An adder skeleton (D:5)
  3 adder zombies
  A worm (D:5)
  2 dart slugs (D:1)
  3 leopard geckos
  17 orcs
  6 ball pythons
  8 bats
  6 giant cockroaches
  10 goblins
  10 hobgoblins
  16 jackals
  9 kobolds
  3 frilled lizards
  A giant cockroach zombie (D:5)
  A leopard gecko skeleton (D:9)
  A quokka skeleton (D:4)
  10 rats
  3 fungi (D:10)
  2 plants (D:10)
228 creatures vanquished.

Vanquished Creatures (collateral kills)
  A gargoyle (D:10)
  A queen bee (Gauntlet)
  A hornet (D:10)
  A hippogriff (D:8)
  A porcupine (D:10)
  An ice beast (D:6)
  A sky beast (D:8)
  A black bear (D:10)
  An ogre (D:10)
  A crocodile (D:10)
  A bullfrog (D:10)
  A scorpion (D:10)
  3 killer bees (Gauntlet)
  2 howler monkeys (D:10)
  A bullfrog zombie (D:11)
  A gnoll (D:8)
  An orc (D:10)
  A jackal (D:9)
  14 fungi (D:10)
  4 plants (D:10)
39 creatures vanquished.

Vanquished Creatures (others)
  7 fungi
  11 plants
18 creatures vanquished.

Grand Total: 285 creatures vanquished

Notes
Turn   | Place    | Note
-------+----------+-------------------------------------------
     0 | D:1      | kkkmkkk the Demonspawn Necromancer began the quest for the
                  | Orb.
     0 | D:1      | Reached XP level 1. HP: 13/13 MP: 3/3
   706 | D:1      | Gained mutation: You are partially covered in sharp spines.
                  | [demonic ancestry]
   706 | D:1      | Reached XP level 2. HP: 17/19 MP: 0/5
  1030 | D:1      | Reached skill level 5 in Necromancy
  1260 | D:1      | Gained mutation: You regenerate a little health from kills.
                  | [demonic ancestry]
  1260 | D:1      | Reached XP level 3. HP: 22/24 MP: 2/6
  1842 | D:2      | Found a radiant altar of Vehumet.
  1919 | D:2      | Found a hazy altar of Hepliaklqana.
  1924 | D:2      | Learned a level 3 spell: Vampiric Draining
  1928 | D:2      | Learned a level 3 spell: Regeneration
  2042 | D:2      | Gained mutation: You have large cloven feet. [demonic
                  | ancestry]
  2042 | D:2      | Reached XP level 4. HP: 27/31 MP: 2/8
  2731 | D:3      | Found an ornate altar of the Wu Jian Council.
  2762 | D:3      | Reached skill level 1 in Fighting
  2867 | D:4      | Noticed Grinder
  2869 | D:4      | Gained mutation: You regenerate health from kills. [demonic
                  | ancestry]
  2869 | D:4      | Reached XP level 5. HP: 33/37 MP: 9/9
  3035 | D:4      | Paralysed by Grinder for 5 turns
  3089 | D:4      | Found a glowing drain.
  3156 | Sewer    | Entered a sewer
  3641 | D:5      | Entered Level 5 of the Dungeon
  3699 | D:5      | Found a sparkling altar of Nemelex Xobeh.
  4620 | D:5      | Reached XP level 6. HP: 40/44 MP: 6/11
  4626 | D:5      | Reached skill level 6 in Necromancy
  5164 | D:6      | Found a snail-covered altar of Cheibriados.
  5399 | D:6      | Reached XP level 7. HP: 38/51 MP: 10/12
  5418 | D:6      | Learned a level 4 spell: Animate Dead
  6036 | D:6      | Reached skill level 7 in Necromancy
  6662 | D:5      | Gained mutation: You have a somewhat thin skeletal
                  | structure. (Dex +2, Stealth) [demonic ancestry]
  6662 | D:5      | Reached XP level 8. HP: 59/60 MP: 11/14
  6740 | D:5      | Found a staircase to the Ecumenical Temple.
  6748 | Temple   | Entered the Ecumenical Temple
  6824 | Temple   | Became a worshipper of Makhleb the Destroyer
  7848 | D:7      | Found a burning altar of Makhleb.
  7848 | D:7      | Noticed a balrug
  7857 | D:7      | Reached skill level 5 in Spellcasting
  7943 | D:7      | Noticed an angel
  7948 | D:7      | Found a shimmering altar of Xom.
  7969 | D:7      | Found a glowing silver altar of Zin.
  8283 | D:8      | Noticed Erica
  8289 | D:7      | Reached skill level 5 in Dodging
  8391 | D:8      | Reached skill level 5 in Fighting
  8399 | D:8      | Found Paczeig's Food Boutique.
  8792 | D:8      | Reached skill level 8 in Necromancy
  8888 | D:8      | Noticed a hippogriff
  8895 | D:8      | Killed a hippogriff
  8895 | D:8      | Gained mutation: You are mostly covered in sharp spines.
                  | [demonic ancestry]
  8895 | D:8      | Reached XP level 9. HP: 41/68 MP: 17/17
  8934 | D:8      | Killed Erica
  8934 | D:8      | Reached * piety under Makhleb
  9062 | D:8      | Noticed Grum
  9078 | D:8      | Killed Grum
  9078 | D:8      | Reached skill level 9 in Necromancy
  9284 | D:8      | Noticed Harold
  9298 | D:8      | Killed Harold
  9298 | D:8      | Reached XP level 10. HP: 26/77 MP: 0/20
  9655 | D:9      | Noticed Erolcha
  9666 | D:9      | Killed Erolcha
 10177 | D:9      | Reached ** piety under Makhleb
 10293 | D:9      | Noticed Maurice
 10306 | D:9      | Killed Maurice
 10306 | D:9      | Reached skill level 10 in Necromancy
 10500 | D:10     | Entered Level 10 of the Dungeon
 10661 | D:10     | Paralysed by a hornet for 2 turns
 10685 | D:10     | Found a staircase to the Lair.
 10745 | D:10     | Paralysed by a hornet for 1 turns
 10903 | D:10     | Noticed a gargoyle
 10918 | D:10     | Killed a gargoyle
 11084 | D:10     | Gained mutation: You regenerate a lot of health from kills.
                  | [demonic ancestry]
 11084 | D:10     | Reached XP level 11. HP: 55/86 MP: 23/23
 11137 | D:10     | Found a staircase to the Orcish Mines.
 11275 | D:10     | Noticed Snorg
 11287 | D:10     | HP: 3/87 [Snorg (14)]
 11287 | D:10     | Killed Snorg
 11638 | D:11     | Noticed a two-headed ogre
 11651 | D:10     | Killed a two-headed ogre
 11799 | D:11     | Got an ancient mace
 11845 | D:11     | Found a gate leading to a gauntlet.
 11850 | Gauntlet | Entered a Gauntlet
 11850 | Gauntlet | Found a transporter.
 11850 | Gauntlet | Found a transporter.
 11850 | Gauntlet | Noticed a thrashing horror
 11850 | Gauntlet | Noticed a thrashing horror
 11851 | Gauntlet | Found a transporter.
 11853 | Gauntlet | Found a transporter.
 11854 | Gauntlet | Found a transporter.
 11863 | Gauntlet | Noticed a wretched star
 11864 | Gauntlet | Found a transporter.
 11931 | Gauntlet | Found a transporter.
 11940 | Gauntlet | Noticed a tengu warrior
 11941 | Gauntlet | Found a transporter.
 11956 | Gauntlet | Found a transporter.
 11966 | Gauntlet | Found a transporter.
 11981 | Gauntlet | Found a transporter.
 11987 | Gauntlet | Found a transporter.
 12069 | Gauntlet | Identified the +9 mace of Uncomfortable Rashes {flame,
                  | rElec rC- rN++} (You found it on level 11 of the Dungeon)
 12100 | Gauntlet | Learned a level 3 spell: Conjure Flame
 12132 | Gauntlet | Reached skill level 11 in Necromancy
 12168 | Gauntlet | Got a heavily runed glass ring
 12178 | Gauntlet | Identified the ring of Relativism {Ice MR+ Str+5} (You
                  | found it in a Gauntlet)
 12191 | Gauntlet | Killed a tengu warrior
 12235 | Gauntlet | Paralysed by a chaos spawn for 7 turns
 12237 | Gauntlet | HP: 4/89 [chaos spawn (1)]
 12237 | Gauntlet | Mangled by a neqoxec

Levels and vault maps discovered:
D:1:      dpeg_arrival_subterranean_lakeside_camping, layout_loops_ring
D:2:      layout_loops_ring, vehumet_crystals, old_standard_altar
D:3:      layout_loops_ring, nicolae_overflow_crystal_walls
D:4:      layout_rooms, serial_co_window_serial, co_window_paths_a,
          co_window_of_opportunity_a, co_window_corner_a, co_window_paths_a,
          co_window_paths_a, co_window_unsneaky_path_c, co_window_corner_b,
          co_window_unsneaky_path_e, co_window_corner_b, co_window_sun,
          co_window_paths_d, glass_columns_a, portal_sewer_entry_e,
          first_ration, uniq_grinder
D:5:      layout_loops_ring, kennysheep_mini_moat, minmay_temple_entry_junction
D:6:      layout_loops_corners, marbit_many_paths
D:7:      layout_cave_pools, grunt_temple_overflow_order_and_chaos_1,
          makhleb_altar_promises_db
D:8:      layout_basic, serial_shops, nicolae_shop_competitors_out_of_business,
          uniq_erica, uniq_harold, uniq_grum
D:9:      layout_loops_ring, grunt_ogre_cave, dk_vineyard_2, uniq_erolcha,
          uniq_maurice
D:10:     layout_gridville, due_lair_maze_entry_diamond, orc_0_dummy, uniq_snorg
D:11:     layout_basic, gauntlet_entry_generic, roderic_roman_lattice,
          kennysheep_pointless_box, hangedman_abyss_or_decor_lesser_grid
Temple:   regret_index_temple_waves
Gauntlet: gammafunk_gauntlet_shortcut [nicolae_gauntlet_swirl,
          nicolae_gauntlet_arena_flowing_pool,
          gammafunk_gauntlet_arena_arrow_garden, nicolae_gauntlet_arena_t_cross,
          nicolae_gauntlet_arena_x, gammafunk_gauntlet_arena_corners,
          gauntlet_exit_watery]

Skill      XL: |  1  2  3  4  5  6  7  8  9 10 11 |
---------------+----------------------------------+-----
Necromancy     | 5 6 7 8 9 10 11 | 11.1
Stealth        | 2 |  2.0
Dodging        | 2 3 4 5 6 7 8 |  8.5
Fighting       | 1 2 4 5 6 8 9 |  9.0
Spellcasting   | 3 4 5 7 8 |  8.7

Action                   |  1- 3 |  4- 6 |  7- 9 | 10-12 || total
-------------------------+-------+-------+-------+-------++-------
Melee: Dagger            |     9 |    34 |    41 |       ||    84
       Kick              |       |     9 |    16 |    52 ||    77
       Unarmed           |       |     2 |       |       ||     2
       War axe           |       |       |    25 |   142 ||   167
       Mace              |       |       |       |     4 ||     4
 Cast: Pain              |    63 |   118 |   100 |    40 ||   321
       Regeneration      |       |     1 |     4 |    12 ||    17
       Vampiric Draining |       |     6 |    32 |    40 ||    78
       Animate Dead      |       |       |    12 |    22 ||    34
       Conjure Flame     |       |       |       |     1 ||     1
Evoke: Wand              |       |       |       |     6 ||     6
  Use: Scroll            |       |     3 |       |    11 ||    14
       Potion            |       |       |       |     1 ||     1
 Stab: Sleeping          |       |       |     3 |     3 ||     6
       Distracted        |       |       |     1 |     2 ||     3
       Paralysed         |       |       |       |     6 ||     6
  Eat: Chunk             |     4 |    11 |     9 |     9 ||    33
       Ration            |       |       |     2 |     1 ||     3
Armor: Robe              |     2 |    13 |    18 |    31 ||    64
Dodge: Dodged            |     9 |    46 |    87 |   251 ||   393
